 Dungeon Crawl Stone Soup version 0.20-a0-507-gc86f373 (webtiles) character file.

4071 kuniqs the Skirmisher (level 10, -1/80 HPs)
             Began as a Barachian Fighter on Jan 21, 2017.
             Was a Priest of Cheibriados.
             Slain by a black mamba (2 damage)
             ... on level 1 of the Lair of Beasts.
             The game lasted 00:16:26 (8444 turns).

kuniqs the Skirmisher (Barachian Fighter)           Turns: 8444, Time: 00:16:27

Health: -1/80      AC:  9    Str: 31    XL:     10   Next: 25%
Magic:  20/23      EV: 18    Int: 14    God:    Cheibriados [***...]
Gold:   304        SH: 15    Dex: 19    Spells: 9/9 levels left

rFire    . . .     SeeInvis +   r - +3 falchion "Lorus" {freeze, rElec Int+2} (curse)
rCold    . . .     Gourm    .   u - +2 leather armour of Xom's Vengeance {rN+++ rCorr Int-2 SInv}
rNeg     + + +     Faith    .   c - +0 shield
rPois    .         Spirit   .   (no helmet)
rElec    +         Reflect  +   (no cloak)
rCorr    +         Harm     .   g - +0 pair of gloves
MR       .....                  z - +1 pair of boots
Stlth    +.........             t - +3 amulet of reflection
Regen    0.3/turn               p - +3 ring of evasion
                                l - ring of magical power

@: mighty, lethally poisoned (-1 -> -22), very slow
A: swims, slowness 1, strong legs 1
a: Hop, Bend Time, Temporal Distortion, Renounce Religion


You were on level 1 of the Lair of Beasts.
You worshipped Cheibriados.
Cheibriados was most pleased with you.
You were not hungry.

You visited 3 branches of the dungeon, and saw 11 of its levels.

You collected 304 gold pieces.

Inventory:

Hand Weapons
 a - a +0 war axe
 r - the cursed +3 falchion "Lorus" (weapon) {freeze, rElec Int+2}
   (You found it on level 7 of the Dungeon)

   It has been specially enchanted to freeze those struck by it, causing extra
   injury to most foes and up to half again as much damage against particularly
   susceptible opponents.
   It can also slow down cold-blooded creatures.
   It affects your intelligence (+2).
   It insulates you from electricity.
   It has a curse placed upon it.
 s - a +0 hand axe
Missiles
 v - 3 javelins (quivered)
 A - 4 javelins of penetration
 D - a throwing net
Armour
 c - a +0 shield (worn)
 g - a +0 pair of gloves (worn)
 u - the +2 leather armour of Xom's Vengeance (worn) {rN+++ rCorr Int-2 SInv}
   (You found it on level 6 of the Dungeon)

   It affects your intelligence (-2).
   It renders you almost immune to negative energy.
   It lets you see invisible.
   It protects you from acid and corrosion.
 z - a +1 pair of boots (worn)
Jewellery
 k - an uncursed ring of fire
 l - a ring of magical power (left hand)
 p - a +3 ring of evasion (right hand)
 t - a +3 amulet of reflection (around neck)
Wands
 B - a wand of paralysis (8/24)
Scrolls
 h - a scroll of amnesia
 i - a scroll of enchant weapon
 j - 3 scrolls of enchant armour
 m - 4 scrolls of remove curse {@r2}
 w - a scroll of recharging
 x - a scroll of teleportation
 y - a scroll of fog
 C - a scroll of magic mapping
Potions
 b - a potion of mutation
 n - 2 potions of brilliance
Comestibles
 d - 7 bread rations
 e - 3 meat rations
 f - a fruit


   Skills:
 + Level 7.6 Fighting
 + Level 6.6 Axes
 - Level 6.1 Armour
 + Level 6.1 Dodging
 + Level 7.0 Shields
 + Level 5.8 Invocations


You had 9 spell levels left.
You didn't know any spells.

Dungeon Overview and Level Annotations

Branches:
Dungeon (9/15)             Temple (1/1) D:4            Lair (1/6) D:9
    Orc: D:9-12

Altars:
Cheibriados
Dithmenos
Elyvilon
Hepliaklqana
Makhleb
Nemelex Xobeh
Okawaru
Trog
Uskayaw
Xom
The Shining One

Annotations:
D:6 Duffy's ghost, journeyman FoFi
D:8 exclusion: 2 downstairs


Innate Abilities, Weirdness & Mutations

You can swim through water.
You cover ground slowly.
You can hop short distances.


Message History

You completely miss the black mamba.
You feel sick. You block the black mamba's attack. x2
The flow of time bends around you.
The black mamba resists with some effort.
You feel slightly more hungry.
You feel sick. The black mamba bites you!
* * * LOW HITPOINT WARNING * * *
The black mamba bites you.
* * * LOW HITPOINT WARNING * * *
You are more poisoned.
The black mamba poisons you!
You closely miss the black mamba.
* * * LOW HITPOINT WARNING * * *
You feel sick. You block the black mamba's attack.
The black mamba closely misses you.
Okay, then.
You closely miss the black mamba.
* * * LOW HITPOINT WARNING * * *
You feel sick. You block the black mamba's attack. x2
The black mamba bites you.
You die...

### ## ##
..#######.##.##P##
.......<..........
..######.#.#.#....
......†........... .
..##.####.........####.#
.......@St..............
......###.###.#......#
......##.F#####....>.##.
..............(.........
..P##........###.PP##...
........................
.........#.#........##.P
.....................
.###.......P#..........


You could see a black mamba and a crocodile.

Vanquished Creatures
  A hippogriff (D:7)
  A wyvern (D:5)
  5 yaks (D:9)
  A water moccasin (D:8)
  3 porcupines (D:9)
  An ice beast (D:8)
  A black bear (D:9)
  2 phantoms
  3 ogres
  2 crocodiles
  A big kobold (D:7)
  9 bullfrogs
  4 scorpions
  A water moccasin skeleton (D:6)
  A wyvern skeleton (D:8)
  2 crimson imps (D:5)
  A bullfrog zombie (D:5)
  A jelly (D:8)
  6 hounds
  2 orc priests
  2 orc wizards
  A bullfrog skeleton (D:8)
  Ijyb (D:2)
  4 iguanas
  4 worker ants
  A hound skeleton (D:7)
  7 adders
  A shadow imp (D:5)
  An adder zombie (D:6)
  An adder skeleton (D:4)
  2 worms
  3 leopard geckos
  17 orcs
  3 giant cockroaches
  3 goblins
  4 hobgoblins
  8 jackals
  12 kobolds
  A quokka (D:2)
  A ball python (D:2)
  8 bats
  5 frilled lizards
  A giant cockroach zombie (D:5)
  A jackal skeleton (D:7)
  2 leopard gecko skeletons (D:4)
  6 rats
148 creatures vanquished.

Vanquished Creatures (others)
  A centaur (D:8)
  A goblin (D:3)
  28 fungi (D:9)
  11 plants (D:9)
41 creatures vanquished.

Grand Total: 189 creatures vanquished

Notes
Turn   | Place    | Note
-------+----------+-------------------------------------------
     0 | D:1      | kuniqs the Barachian Fighter began the quest for the Orb.
     0 | D:1      | Reached XP level 1. HP: 18/18 MP: 1/1
   336 | D:1      | Reached XP level 2. HP: 24/24 MP: 2/2
   775 | D:2      | Reached skill level 1 in Dodging
  1122 | D:2      | Reached XP level 3. HP: 29/29 MP: 3/3
  1510 | D:2      | Noticed Ijyb
  1529 | D:2      | Killed Ijyb
  1529 | D:2      | Reached XP level 4. HP: 30/37 MP: 4/4
  1976 | D:2      | Reached XP level 5. HP: 26/42 MP: 5/5
  2538 | D:3      | Noticed an ogre
  2550 | D:3      | Killed an ogre
  2550 | D:3      | Reached XP level 6. HP: 48/48 MP: 6/6
  2816 | D:5      | Entered Level 5 of the Dungeon
  3176 | D:4      | Found a staircase to the Ecumenical Temple.
  3185 | Temple   | Entered the Ecumenical Temple
  3203 | Temple   | Became a worshipper of Cheibriados the Contemplative
  4000 | D:6      | Reached skill level 1 in Invocations
  4000 | D:6      | Reached XP level 7. HP: 37/55 MP: 7/7
  4210 | D:5      | Noticed a wyvern
  4240 | D:5      | Killed a wyvern
  4240 | D:5      | Reached skill level 5 in Fighting
  4442 | D:5      | Reached skill level 5 in Armour
  4611 | D:5      | Reached * piety under Cheibriados
  5308 | D:7      | Reached XP level 8. HP: 62/62 MP: 9/9
  5409 | D:6      | Got a bloodstained leather armour
  5420 | D:6      | Identified the +2 leather armour of Xom's Vengeance {rN+++ rCorr Int-2 SInv} (You found it on level 6 of the Dungeon)
  5585 | D:6      | Noticed Duffy's ghost (journeyman FoFi)
  6154 | D:7      | Reached skill level 5 in Shields
  6231 | D:7      | Reached ** piety under Cheibriados
  6308 | D:7      | Noticed a hippogriff
  6321 | D:7      | Killed a hippogriff
  6388 | D:7      | Reached skill level 5 in Axes
  6584 | D:7      | Got a faintly glowing falchion
  6585 | D:7      | Identified the cursed +3 falchion "Lorus" {freeze, rElec Int+2} (You found it on level 7 of the Dungeon)
  6643 | D:7      | Reached XP level 9. HP: 49/69 MP: 11/11
  7235 | D:9      | Noticed a red ugly thing
  7386 | D:8      | Reached skill level 5 in Dodging
  7573 | D:8      | Reached *** piety under Cheibriados
  7923 | D:9      | Found a staircase to the Lair.
  7950 | D:9      | Reached skill level 5 in Invocations
  7964 | D:9      | Reached XP level 10. HP: 33/79 MP: 14/14
  8311 | Lair:1   | Entered Level 1 of the Lair of Beasts
  8412 | Lair:1   | Noticed a spiny frog
  8415 | Lair:1   | Noticed a black mamba
  8442 | Lair:1   | HP: 4/80 [black mamba (3)]
  8444 | Lair:1   | HP: 1/80 [poisoned by a black mamba]
  8444 | Lair:1   | Slain by a black mamba

Vault maps used:
D:1:      minmay_arrival_loop, serial_forest, infiniplex_forest_end_1,
          infiniplex_forest_corner_1, infiniplex_forest_lined_corner,
          infiniplex_forest_side_room, infiniplex_forest_lined_3,
          infiniplex_forest_end_double, infiniplex_forest_lined_2,
          infiniplex_forest_straight_2
D:2:      uniq_iyjb
D:5:      first_bread
D:6:      grunt_ministairs_15, lemuel_statue_altar
D:9:      due_lair_maze_entry_diamond, orc_0_dummy, grunt_ogre_cave
Temple:   nicolae_temple_the_god_donut
Lair:1:   serial_bayou_shore_b

Skill      XL: |  1  2  3  4  5  6  7  8  9 10 |
---------------+-------------------------------+-----
Dodging        | 1 2 3 4 5 6 |  6.1
Armour         | 4 5 6 |  6.1
Fighting       | 4 5 6 7 |  7.6
Axes           | 3 4 5 6 |  6.6
Shields        | 4 5 6 7 |  7.0
Invocations    | 1 2 3 5 |  5.8

Action                   |  1- 3 |  4- 6 |  7- 9 | 10-12 || total
-------------------------+-------+-------+-------+-------++-------
Melee: War axe           |    32 |       |    20 |       ||    52
       Short sword       |   107 |       |       |       ||   107
       Hand axe          |    56 |   239 |   266 |       ||   561
       Falchion          |       |       |   156 |    72 ||   228
Throw: Javelin           |       |       |     3 |       ||     3
Invok: Bend Time         |       |       |       |     1 ||     1
 Abil: Hop               |       |       |       |     1 ||     1
  Use: Scroll            |     6 |     7 |     4 |     1 ||    18
       Potion            |       |     3 |     3 |     2 ||     8
 Stab: Sleeping          |       |       |     1 |       ||     1
  Eat: Chunk             |     3 |     9 |     6 |     2 ||    20
       Royal jelly       |       |       |     1 |       ||     1
Armor: Scale mail        |    57 |       |       |       ||    57
       Chain mail        |    63 |    40 |       |       ||   103
       Ring mail         |       |    40 |    35 |       ||    75
       Skin              |       |       |     2 |       ||     2
       Leather armour    |       |       |    99 |     9 ||   108
Dodge: Dodged            |    43 |    54 |   207 |    44 ||   348
Block: Shield            |   120 |   148 |   369 |    74 ||   711
       Reflection        |     2 |       |    16 |       ||    18
       Rpst.: Falchion   |       |       |    29 |    15 ||    44
